 Dungeon Crawl Stone Soup version 0.21-a0-358-g8928369 (webtiles) character file.

12 Dfrag the Firebug (level 2, -1/19 HPs)
             Began as a Demonspawn Fire Elementalist on Oct 13, 2017.
             Slain by a leopard gecko (2 damage)
             ... on level 1 of the Dungeon.
             The game lasted 00:00:33 (187 turns).

Dfrag the Firebug (Demonspawn Fire Elementalist)     Turns: 187, Time: 00:00:33

Health: -1/19      AC:  2    Str:  8    XL:     2   Next: 20%
Magic:  0/5        EV: 12    Int: 16    God:
Gold:   14         SH:  0    Dex: 13    Spells: 4/5 levels left

rFire    . . .     SeeInvis .   (no weapon)
rCold    . . .     Gourm    .   (no shield)
rNeg     . . .     Faith    .   a - +0 robe
rPois    .         Spirit   .   (no helmet)
rElec    .         Reflect  .   (no cloak)
rCorr    .         Harm     .   (no gloves)
MR       .....                  (no boots)
Stlth    ++........             (no amulet)
HPRegen  0.06/turn              (no ring)
MPRegen  0.09/turn              (no ring)

@: very slightly contaminated
A: demonic guardian 1
a: no special abilities


You were on level 1 of the Dungeon.
You were not hungry.

You visited 1 branch of the dungeon, and saw 1 of its levels.

You collected 14 gold pieces.

Inventory:

Armour
 a - a +0 robe (worn)
Jewellery
 g - an uncursed ring of protection from cold {unknown}
Scrolls
 h - a scroll of remove curse {unknown}
 j - a scroll of immolation {unknown}
Potions
 d - a potion of heal wounds {unknown}
 e - a potion of flight {unknown}
Books
 b - a book of Flames

   Spells                             Type                      Level
   a - Flame Tongue                   Conjuration/Fire             1
   b - Throw Flame                    Conjuration/Fire             2
   c - Conjure Flame                  Conjuration/Fire             3
   d - Inner Flame                    Hexes/Fire                   3
   e - Sticky Flame                   Conjuration/Fire             4
   f - Fireball                       Conjuration/Fire             5
Comestibles
 c - 2 bread rations
 f - a meat ration
 i - a chunk of flesh


   Skills:
 - Level 1.7 Dodging
 - Level 1.7 Stealth
 + Level 2.2 Spellcasting
 + Level 1.5 Conjurations
 + Level 2.9 Fire Magic


You had 4 spell levels left.
You knew the following spells:

 Your Spells              Type           Power        Failure   Level  Hunger
a - Flame Tongue          Conj/Fire      #....        9%          1    #......


Dungeon Overview and Level Annotations

Branches:
Dungeon (1/15)

Altars:


Innate Abilities, Weirdness & Mutations

A weak demonic guardian rushes to your aid.


Message History

Press: ? - help, Shift-Dir - straight line, f - leopard gecko
Aim: a leopard gecko The flame tongue misses the leopard gecko.
The flame tongue hits the giant cockroach.
The giant cockroach is heavily wounded.
The leopard gecko bites you.
* * * LOW HITPOINT WARNING * * *
The giant cockroach bites you but does no damage.
The giant cockroach bites you.
* * * LOW HITPOINT WARNING * * *
Casting: Flame Tongue
Confirm with . or Enter, or press ? or * to list all spells.
Aiming: Flame Tongue
Press: ? - help, Shift-Dir - straight line, f/p - leopard gecko
Aim: a leopard gecko (clinging)
You miscast Flame Tongue.
You are very lightly contaminated with residual magic.
Nothing appears to happen.
The giant cockroach closely misses you. The leopard gecko bites you.
You die...

.....[..........####...###
....##...................#
.#.................##..#..
...###......#).....#......
#.## #......#.............
.. #....................
.........####.......###.#
#.#####.## #........###.####
#.# #..###@##...#....#
#.###.###ls####..###.######
##.##.. #....[.##..........#
#...?.###.#.....>.###.......
......#...#.....#.##........
........###.....#...........
#...=..##....#####........
#..†.?.##....#####........
#....#.....................


You could see a leopard gecko and a giant cockroach.

Vanquished Creatures
  An ooze (D:1)
  A dart slug (D:1)
  2 bats (D:1)
  A giant cockroach (D:1)
  A goblin (D:1)
6 creatures vanquished.

Notes
Turn   | Place    | Note
-------+----------+-------------------------------------------
     0 | D:1      | Dfrag the Demonspawn Fire Elementalist began the quest for the Orb.
     0 | D:1      | Reached XP level 1. HP: 13/13 MP: 3/3
   143 | D:1      | Gained mutation: A weak demonic guardian rushes to your aid. [demonic ancestry]
   143 | D:1      | Reached XP level 2. HP: 3/19 MP: 1/5
   187 | D:1      | Slain by a leopard gecko

Vault maps used:
D:1:      saegor_arrival_simple_e

Action                   || total
-------------------------++-------
Melee: Unarmed           ||     9
 Cast: Flame Tongue      ||    13
Armor: Robe              ||     6
Dodge: Dodged            ||    31

Table legend:
 A = Spawn XP
 B = Non-spawn XP
 C = Spawn XP percentage of total XP
 D = Spawn monster count
 E = Non-spawn monster count
 F = Spawn count percentage of total count
 G = Total turns spent on level
                    A         B        C        D         E        F      G
               +---------+---------+-------+---------+---------+-------+---------
         Total |       0 |      18 |   0.0 |       0 |       6 |   0.0 |   187
               +---------+---------+-------+---------+---------+-------+---------
           D:1 |       0 |      18 |   0.0 |       0 |       6 |   0.0 |   187
               +---------+---------+-------+---------+---------+-------+---------
